 Dungeon Sprint DCSS version 0.30-a0-305-g026cb31310 (webtiles) character file.

Game seed: 11084761829337389946

2299 garrulousMonolith the Ninja (level 9, -1/44 HPs)
             Began as a Spriggan Enchanter on Oct 22, 2022.
             Was an Initiate of Gozag.
             Slain by a centaur warrior (14 damage)
             ... in the Dungeon (Sprint I: "Red Sonja").
             The game lasted 00:03:08 (330 turns).

garrulousMonolith the Ninja (Spriggan Enchanter)     Turns: 330, Time: 00:03:08

Health: -1/44      AC:  3    Str:  4    XL:     9   Next: 17%
Magic:  13/17      EV: 19    Int: 20    God:    Gozag
Gold:   495        SH:  0    Dex: 16    Spells: 10/18 levels left

rFire   . . .      SeeInvis +    k - +1 dagger (drain)
rCold   + . .      Faith    .    (no shield)
rNeg    . . .      Spirit   .    e - +1 robe {Archmagi}
rPois   .          Reflect  .    (helmet restricted)
rElec   .          Harm     .    (no cloak)
rCorr   .          Rampage  .    (gloves unavailable)
Will    +....      Archmagi +    (boots unavailable)
Stlth   ++++++++++ NoTele   +    (no amulet)
HPRegen 0.27/turn                j - ring of protection from cold
MPRegen 0.15/turn                (no ring)

@: very slightly contaminated, invisible, very quick
A: very small, no large weapons, unfitting armour, see invisible, speed 3
a: Renounce Religion, Potion Petition, Call Merchant, Bribe Branch


You were in the Dungeon.
You worshipped Gozag.
Gozag was aware of your devotion.
You visited 1 branch You collected 943 gold pieces.
You spent 448 gold pieces at shops.

Inventory:

Hand Weapons
 k - a +1 dagger of draining (weapon)
Missiles
 l - 4 curare-tipped darts (quivered)
Armour
 e - a +1 robe of the Archmagi (worn)
Jewellery
 j - a ring of protection from cold (left hand)
Wands
 h - a wand of iceblast (10)
Scrolls
 a - a scroll of fear
 i - a scroll of blinking
Potions
 d - a potion of curing
 f - a potion of haste
 g - 2 potions of magic


   Skills:
 + Level 3.0 Fighting
 * Level 6.1 Short Blades
 + Level 5.2 Dodging
 O Level 27 Stealth
 + Level 5.3 Spellcasting
 + Level 6.0 Hexes


You had 10 spell levels left.
You knew the following spells:

 Your Spells              Type           Power      Damage    Failure   Level
a - Ensorcelled Hibernat  Hex/Ice        52%        N/A       4%          2
b - Confusing Touch       Hex            44%        N/A       2%          3
c - Dazzling Flash        Conj/Hex       52%        N/A       10%         3

Your spell library contained the following spells:

 Spells                   Type           Power      Damage    Failure   Level
 Tukima's Dance           Hex            44%        N/A       2%          3


Dungeon Overview and Level Annotations

Branches:
Dungeon (1/1)

Altars:
Cheibriados
Dithmenos
Elyvilon
Fedhas
Gozag
Hepliaklqana
Kikubaaqudgha
Makhleb
Nemelex Xobeh
Okawaru
Qazlal
Ru
Sif Muna
Trog
Uskayaw
Vehumet
Wu Jian
Xom
Yredelemnul
Zin
The Shining One
Jiyva
Lugonu

Shops:
D **[

Annotations:
D exclusion: 4 doors


Innate Abilities, Weirdness & Mutations

You are very small and have problems with some larger weapons.
You are too small for most types of armour.
You have supernaturally acute eyesight. (SInv)
You cover ground extremely quickly. (Speed+++)


Message History

Moving in this stuff is going to be slow.
Found a sling and a quarterstaff.
The centaur warrior shouts!
The centaur warrior wields a +0 shortbow.
The centaur warrior shoots an arrow.
The arrow hits you!
The centaur warrior wields a +0 shortbow.
The centaur warrior shoots an arrow.
The arrow closely misses you.
There is an open door here.
You see here a +0 chain mail.
Which direction?
You close the door.
Something unseen opens the door.
Okay, then.
Cast which spell? (? or * to list)
Okay, then.
Cast which spell? (? or * to list)
Aiming: Ensorcelled Hibernation (safe; 4% risk of failure)
Press: ? - help, Shift-Dir - straight line, f - centaur warrior
Aim: a centaur warrior, wielding a +0 shortbow (chance to affect: 39%)
You feel a surge of power!
The centaur warrior resists with some effort.
The centaur warrior unwields a +0 shortbow.
The centaur warrior hits you!
The centaur warrior kicks you but does no damage.
Casting: Ensorcelled Hibernation (safe; 4% risk of failure)
Confirm with . or Enter, or press ? or * to list all spells.
Aiming: Ensorcelled Hibernation (safe; 4% risk of failure)
Press: ? - help, Shift-Dir - straight line, f/p - centaur warrior
Aim: a centaur warrior (chance to affect: 39%)
You feel a surge of power!
You miscast Ensorcelled Hibernation.
You are very lightly contaminated with residual magic.
Nothing appears to happen.
The centaur warrior hits you. The centaur warrior kicks you.
* * * LOW HITPOINT WARNING * * *
You fade into invisibility!
The centaur warrior closely misses you.
The centaur warrior completely misses you.
The centaur warrior unwields a +0 shortbow.
The centaur warrior hits you!
You die...
Your body crumbles into a pile of gold.

.#.)').#.)'..#__#..$ss.# $
$$ .'..#..'..#..+..+..#§§.#
$
.#####'#####+#__####$§.'ss#$
.####..#...#.####))#####s.+$
$ .#__####..##.#§~§§§#$$ ##
$ .#_____##'#_.+~§§c§+ $
⌠#_.∩..†'..._#~§§c§#$$ $$
##_..__##_.#'##c###
$#_____###+#)#.c@)### $
##########.####'###[## $
........'...'.....'[∩# $$
#++++####.).########## $ $$
$$ ##.##


$$$$$ $#+#$ $ $$$$$ $ $ $ $$$$$ $ $ $$$ You could see 2 centaur warriors.

Vanquished Creatures
  Sonja (D)
  A deep troll (D)
  2 kobold demonologists (D)
  A slime creature (D)
  Sigmund (D)
  A yak (D)
  A floating eye (D)
  An ogre (D)
  A jelly (D)
  Ijyb (D)
11 creatures vanquished.

Notes
Turn   | Place    | Note
-------+----------+-------------------------------------------
     0 | D        | garrulousMonolith the Spriggan Enchanter began the quest
                  | for the Orb.
     0 | D        | Reached XP level 1. HP: 9/9 MP: 5/5
     2 | D        | Noticed Ijyb
    12 | D        | Killed Ijyb
    13 | D        | Reached skill level 10 in Stealth
    13 | D        | Reached XP level 2. HP: 3/13 MP: 6/6
    64 | D        | Noticed an ogre
    67 | D        | Killed an ogre
    68 | D        | Reached skill level 14 in Stealth
    68 | D        | Reached XP level 3. HP: 16/16 MP: 8/8
    68 | D        | Reached XP level 4. HP: 21/21 MP: 9/9
    72 | D        | Learned a level 2 spell: Ensorcelled Hibernation
    85 | D        | Noticed Sigmund
    87 | D        | Killed Sigmund
    88 | D        | Reached skill level 18 in Stealth
    88 | D        | Reached XP level 5. HP: 24/24 MP: 10/10
    88 | D        | Reached XP level 6. HP: 28/28 MP: 11/11
    99 | D        | Found a shimmering blue altar of Sif Muna.
   100 | D        | Found an ornate altar of the Wu Jian Council.
   101 | D        | Found a radiant altar of Vehumet.
   106 | D        | Reached skill level 19 in Stealth
   138 | D        | Found Uppeapea's General Store.
   138 | D        | Found an ancient bone altar of Kikubaaqudgha.
   138 | D        | Found a hazy altar of Hepliaklqana.
   138 | D        | Found a stormy altar of Qazlal.
   138 | D        | Found a hide-covered altar of Uskayaw.
   138 | D        | Found a blossoming altar of Fedhas.
   138 | D        | Found a bloodstained altar of Trog.
   138 | D        | Found an iron altar of Okawaru.
   138 | D        | Found a basalt altar of Yredelemnul.
   138 | D        | Found a glowing golden altar of the Shining One.
   138 | D        | Found a snail-covered altar of Cheibriados.
   138 | D        | Found a sacrificial altar of Ru.
   138 | D        | Found a glowing silver altar of Zin.
   138 | D        | Found a shadowy altar of Dithmenos.
   138 | D        | Found a white marble altar of Elyvilon.
   138 | D        | Noticed a yak
   139 | D        | Found an opulent altar of Gozag.
   140 | D        | Killed a yak
   141 | D        | Reached skill level 21 in Stealth
   141 | D        | Found a sparkling altar of Nemelex Xobeh.
   144 | D        | Became a worshipper of Gozag Ym Sagoz the Greedy
   150 | D        | Noticed Sonja
   154 | D        | Killed Sonja
   155 | D        | Reached skill level 25 in Stealth
   155 | D        | Reached XP level 7. HP: 32/32 MP: 12/12
   172 | D        | Found Leewn's General Store.
   180 | D        | Bought a scroll of fear for 56 gold pieces
   199 | D        | Found a burning altar of Makhleb.
   199 | D        | Found a viscous altar of Jiyva.
   199 | D        | Found a shimmering altar of Xom.
   199 | D        | Found a corrupted altar of Lugonu.
   199 | D        | Noticed a slime creature
   202 | D        | Killed a slime creature
   203 | D        | Reached skill level 26 in Stealth
   203 | D        | Reached XP level 8. HP: 36/36 MP: 13/13
   217 | D        | Noticed a kobold demonologist
   218 | D        | Noticed a kobold demonologist
   224 | D        | Paralysed by a floating eye for 3 turns
   232 | D        | Noticed a smoke demon
   232 | D        | Noticed a demonic crawler
   232 | D        | Noticed a demonic crawler
   232 | D        | Noticed a demonic crawler
   232 | D        | Noticed a demonic crawler
   233 | D        | Killed a kobold demonologist
   234 | D        | Reached skill level 27 in Stealth
   234 | D        | Reached skill level 1 in Fighting
   237 | D        | Killed a kobold demonologist
   268 | D        | Learned a level 3 spell: Confusing Touch
   272 | D        | Learned a level 3 spell: Dazzling Flash
   277 | D        | Noticed a deep troll
   281 | D        | Killed a deep troll
   282 | D        | Reached skill level 5 in Dodging
   282 | D        | Reached skill level 5 in Spellcasting
   282 | D        | Reached XP level 9. HP: 44/44 MP: 15/17
   294 | D        | Found Deadonu's Armour Emporium.
   299 | D        | Bought a +1 robe of the Archmagi for 392 gold pieces
   323 | D        | Noticed a centaur warrior
   324 | D        | Noticed a centaur warrior
   330 | D        | Slain by a centaur warrior

Illustrated notes

Levels and vault maps discovered:
D:        dungeon_sprint_1 [red_sonja_temple_1, red_sonja_temple_small_1]

Skill      XL: |  1  2  3  4  5  6  7  8 |
---------------+-------------------------+-----
Stealth        | 10 14 18 25 26 27 | 27.0
Fighting       | 3 |  3.0
Short Blades   | 6 |  6.1
Spellcasting   | 5 |  5.3
Hexes          | 6 |  6.0
Dodging        | 5 |  5.2

Action                   |  1- 3 |  4- 6 |  7- 9 || total
-------------------------+-------+-------+-------++-------
Melee: Dagger            |     8 |     4 |    11 ||    23
 Cast: Ensorcelled Hiber |       |       |     1 ||     1
Evoke: Wand              |     3 |       |     2 ||     5
  Use: Potion            |     1 |       |     3 ||     4
 Stab: Sleeping          |       |     4 |     2 ||     6
       Invisible         |       |       |     3 ||     3
Armor: Robe              |       |       |     1 ||     1
Dodge: Dodged            |     4 |       |     8 ||    12

Table legend: (Time is in decaauts)
 A = Elapsed time spent in this place.
 B = Non-inter-level travel time spent in this place.
 C = Inter-level travel time spent in this place.
 D = Time resting spent in this place.
 E = Time spent auto-exploring this place.
 F = Levels seen in this place.
 G = Mean time per level.
                   A        B        C        D        E       F      G
               +--------+--------+--------+--------+--------+-----+--------+
         Total |    273 |    273 |      0 |     60 |      0 |   1 |  273.0 |
       Dungeon |    273 |    273 |      0 |     60 |      0 |   1 |  273.0 |
               +--------+--------+--------+--------+--------+-----+--------+

Top non-repeatable levels by time:
       D: 273 daAuts
